AoeStats
← raw0000

Arena

509582462Analyzed
4v4 RM · 5d ago on Sep 27, 2026· 40m 41s· 8 players
Game mode
Random Map
Map size
Large (8 player)
Population
200
Speed
Normal
Resources
Standard
Victory
Conquest
Starting age
Dark Age
Ending age
Imperial Age
RankedLock teamsTeams togetherTeam positionsShared explorationLock speedFull tech treeHidden civsTurbo modeCheats
Victory
Defeat
🇮🇳 Teutons · India
1249
+15
🇨🇳 Slavs · China
1231
+16
🇮🇳 Wei · India
1218
+16
🇲🇽 Berbers · Mexico
1214
+17
🇩🇪 Jurchens · Germany
1276
-18
🇬🇷 Ethiopians · Greece
1248
-17
🇩🇪 Persians · Germany
1195
-15
🇺🇸 Poles · United States
1190
-14
raw0000
10:29 Feudal Age
14:38 Castle Age
13:36 Horse Collar
15:22 Double-Bit Axe
17:58 Bow Saw
18:01 Heavy Plow
24:42 Wheelbarrow
23:54 Town Watch
24:04 Gold Mining
24:07 Stone Mining
25:15 Loom
26:22 Hand Cart
26:44 Gold Shaft Mining
26:47 Stone Shaft Mining
26:59 Forging
26:54 Scale Barding Armor
26:57 Town Patrol
31:17 Imperial Age
28:50 Tuntian
30:32 Bloodlines
30:22 Husbandry
31:03 Iron Casting
30:49 Chain Barding Armor
32:48 Conscription
32:02 Elite Tiger Cavalry
33:07 Ming Guang Armor
33:48 Blast Furnace
33:55 Squires
33:15 Pikeman
34:00 Scale Mail Armor
34:17 Halberdier
35:23 Chain Mail Armor
How you doin'
10:59 Feudal Age
11:43 Double-Bit Axe
14:38 Castle Age
13:44 Horse Collar
16:08 Bow Saw
16:10 Heavy Plow
19:49 Wheelbarrow
20:57 Hand Cart
22:47 Gold Mining
23:46 Loom
25:55 Gold Shaft Mining
26:20 Scale Mail Armor
26:30 Forging
29:15 Imperial Age
26:31 Loom
26:30 Pikeman
27:41 Town Watch
28:03 Stone Mining
28:48 Squires
29:52 Chain Mail Armor
30:12 Iron Casting
31:08 Two-Man Saw
30:39 Crop Rotation
29:43 Halberdier
30:24 Capped Ram
31:39 Plate Mail Armor
31:31 Conscription
31:59 Siege Engineers
32:00 Siege Ram
33:43 Druzhina
34:45 Blast Furnace
35:14 Masonry
35:19 Fortified Wall
35:29 Detinets
35:20 Man-at-Arms
36:01 Long Swordsman
BLADE
10:36 Feudal Age
15:27 Castle Age
13:19 Double-Bit Axe
14:17 Horse Collar
16:23 Bow Saw
21:34 Wheelbarrow
21:02 Heavy Plow
23:17 Bloodlines
23:01 Town Watch
23:02 Loom
25:11 Hand Cart
26:44 Gold Mining
30:17 Imperial Age
28:36 Scale Barding Armor
28:41 Forging
29:41 Stone Mining
30:33 Chain Barding Armor
30:32 Cavalier
32:29 Chemistry
31:45 Masonry
34:18 Fortified Wall
36:10 Plate Barding Armor
36:10 Iron Casting
37:24 Two-Man Saw
37:15 Paladin
39:03 Capped Ram
41:31 Stone Shaft Mining
41:10 Siege Engineers
DSLG | Maxteel97
11:24 Feudal Age
15:53 Castle Age
13:47 Double-Bit Axe
13:45 Horse Collar
19:08 Bow Saw
23:39 Bow Saw
25:19 Wheelbarrow
28:32 Imperial Age
26:21 Fletching
26:23 Gold Mining
26:57 Bodkin Arrow
27:19 Heavy Plow
27:47 Ballistics
27:49 Padded Archer Armor
27:45 Stone Mining
28:30 Gold Shaft Mining
28:34 Kasbah
29:51 Stone Shaft Mining
29:41 Bracer
30:57 Chemistry
30:17 Elite Camel Archer
32:04 Leather Archer Armor
32:33 Maghrebi Camels
33:31 Ring Archer Armor
34:30 Conscription
36:18 Husbandry
36:28 Bloodlines
36:34 Light Cavalry
Mongolito7366
11:33 Feudal Age
13:13 Double-Bit Axe
13:10 Horse Collar
15:51 Castle Age
16:04 Light Cavalry
16:57 Bow Saw
17:56 Heavy Plow
24:19 Wheelbarrow
24:19 Loom
25:33 Hand Cart
27:52 Imperial Age
25:28 Stone Mining
26:58 Bloodlines
26:53 Husbandry
27:47 Scale Barding Armor
27:52 Forging
28:16 Cavalier
29:18 Chain Barding Armor
28:30 Winged Hussar
29:06 Gold Mining
30:03 Crop Rotation
30:13 Szlachta Privileges
30:32 Conscription
31:35 Chemistry
31:32 Iron Casting
34:17 Lechitic Legacy
34:10 Squires
34:12 Scale Mail Armor
36:42 Chain Mail Armor
37:57 Blast Furnace
uli2099
9:50 Feudal Age
13:49 Castle Age
12:02 Double-Bit Axe
12:29 Horse Collar
15:20 Bow Saw
15:08 Loom
20:30 Heavy Plow
22:04 Gold Mining
23:42 Wheelbarrow
24:46 Gold Shaft Mining
24:45 Stone Mining
25:35 Hand Cart
27:00 Stone Shaft Mining
29:31 Imperial Age
27:26 Bloodlines
27:41 Husbandry
28:26 Scale Barding Armor
28:32 Forging
29:47 Chain Barding Armor
30:27 Conscription
30:45 Iron Casting
30:32 Masonry
31:50 Plate Barding Armor
31:55 Crop Rotation
32:28 Two-Man Saw
33:17 Blast Furnace
32:58 Elite War Elephant
36:28 Citadels
36:19 Crossbowman
37:04 Thumb Ring
36:50 Fletching
ElderSafe
11:15 Feudal Age
15:00 Castle Age
14:53 Double-Bit Axe
14:48 Horse Collar
21:07 Bow Saw
21:43 Wheelbarrow
20:55 Loom
26:42 Heavy Plow
29:30 Imperial Age
27:24 Hand Cart
27:37 Fortified Wall
27:44 Gold Mining
27:45 Stone Mining
27:58 Padded Archer Armor
30:05 Leather Archer Armor
30:11 Ballistics
32:32 Chemistry
32:03 Ring Archer Armor
32:10 Stone Shaft Mining
32:12 Gold Shaft Mining
33:35 Conscription
33:30 Thunderclap Bombs
mojotzotzo
10:20 Feudal Age
11:02 Feudal Age
14:50 Castle Age
12:53 Double-Bit Axe
12:49 Horse Collar
14:49 Loom
16:22 Town Watch
21:22 Fletching
29:25 Imperial Age
27:33 Bodkin Arrow
27:39 Padded Archer Armor
28:59 Masonry
29:28 Ballistics
29:27 Capped Ram
29:28 Crossbowman
30:21 Siege Ram
33:44 Bracer
33:05 Arbalester
35:09 Architecture
38:11 Chemistry
Connection lost

Rejoining the realm…

Still unreachable

The connection could not be restored.

Session expired

The server has moved on; the page needs a fresh start.